AoeStats
← Cuervo

Arabia

507191155Analyzed
3v3 RM · 14d ago on Sep 17, 2026· 48m 21s· 6 players
Game mode
Random Map
Map size
Normal (6 player)
Population
200
Speed
Normal
Resources
Standard
Victory
Conquest
Starting age
Dark Age
Ending age
Imperial Age
RankedLock teamsTeams togetherTeam positionsShared explorationLock speedFull tech treeHidden civsTurbo modeCheats
Victory
Defeat
🇦🇷 Vikings · Argentina
1116
+13
🇨🇱 Wu · Chile
1079
+14
🇦🇷 Koreans · Argentina
1008
+17
🇨🇴 Maya · Colombia
1147
-18
🇨🇱 Chinese · Chile
1014
-14
🇺🇸 Wei · United States
966
-12
jaiderreyes4
0:26 Loom
8:26 Feudal Age
20:11 Padded Archer Armor
20:01 Fletching
20:12 Padded Archer Armor
20:02 Fletching
20:58 Double-Bit Axe
20:56 Horse Collar
24:38 Castle Age
23:11 Gold Mining
24:48 Crossbowman
29:57 Leather Archer Armor
30:47 Forging
32:18 Ballistics
32:47 Bodkin Arrow
35:36 Wheelbarrow
38:49 Thumb Ring
44:44 Imperial Age
44:12 Stone Mining
Clifordino
0:26 Loom
11:23 Feudal Age
17:09 Castle Age
16:01 Double-Bit Axe
23:36 Thumb Ring
26:39 Bow Saw
32:35 Fletching
43:11 Imperial Age
42:52 Wheelbarrow
42:08 Horse Collar
42:26 Bodkin Arrow
42:32 Padded Archer Armor
44:23 Bracer
44:39 Leather Archer Armor
47:26 Hand Cart
47:19 Heavy Plow
48:21 Two-Man Saw
48:05 Forging
48:01 Scale Barding Armor
48:27 Ring Archer Armor
48:20 Town Watch
Shermanugus
3:41 Loom
10:37 Feudal Age
17:14 Double-Bit Axe
27:14 Castle Age
30:36 Gold Mining
30:38 Stone Mining
32:06 Bow Saw
36:13 Fletching
41:06 Fortified Wall
40:53 Murder Holes
41:33 Husbandry
46:41 Stone Shaft Mining
47:45 Town Watch
Cuervo
8:30 Loom
10:48 Feudal Age
15:30 Castle Age
14:31 Double-Bit Axe
21:54 Elite Skirmisher
21:55 Crossbowman
25:43 Fletching
30:41 Wheelbarrow
31:26 Horse Collar
33:15 Gold Mining
38:02 Imperial Age
36:23 Hand Cart
37:36 Bow Saw
37:15 Town Watch
37:33 Bodkin Arrow
37:53 Heavy Plow
38:36 Thumb Ring
40:16 Two-Man Saw
40:09 Town Patrol
40:50 Ballistics
41:30 Chemistry
40:56 Arbalester
44:58 Bracer
45:09 Forging
VikhyatArg
7:58 Loom
10:16 Feudal Age
10:21 Man-at-Arms
15:41 Horse Collar
18:53 Scale Mail Armor
20:55 Castle Age
19:11 Arson
19:51 Forging
21:03 Stone Mining
24:22 Fletching
24:51 Double-Bit Axe
26:21 Elite Skirmisher
30:44 Chain Mail Armor
33:17 Squires
33:05 Gambesons
34:04 Iron Casting
34:05 Heavy Plow
36:03 Gold Mining
38:03 Bodkin Arrow
42:03 Imperial Age
41:42 Town Watch
43:10 Capped Ram
44:13 Conscription
44:39 Plate Mail Armor
44:52 Crop Rotation
45:54 Bracer
46:54 Blast Furnace
47:15 Gold Shaft Mining
46:32 Elite Berserk
48:13 Bow Saw
VZ | Thyrfing
5:31 Loom
9:19 Feudal Age
18:17 Double-Bit Axe
24:29 Castle Age
22:42 Arson
22:58 Gold Mining
22:54 Horse Collar
23:27 Scale Mail Armor
23:17 Man-at-Arms
24:50 Forging
29:47 Chain Mail Armor
32:54 Iron Casting
34:31 Squires
36:02 Wheelbarrow
41:45 Hand Cart
44:52 Imperial Age
Connection lost

Rejoining the realm…

Still unreachable

The connection could not be restored.

Session expired

The server has moved on; the page needs a fresh start.